AoeStats
← moldymilk95

Arabia

506115081Analyzed
2v2 RM · 21d ago on Sep 12, 2026· 60m 52s· 4 players
Game mode
Random Map
Map size
Medium (4 player)
Population
200
Speed
Normal
Resources
Standard
Victory
Conquest
Starting age
Dark Age
Ending age
Imperial Age
RankedLock teamsTeams togetherTeam positionsShared explorationLock speedFull tech treeHidden civsTurbo modeCheats
Victory
Defeat
🇦🇺 Maya · Australia
848
+18
🇦🇺 Spanish · Australia
846
+18
🇨🇿 Britons · Czechia
903
-18
🇨🇿 Khitans · Czechia
891
-18
moldymilk95
0:26 Loom
10:23 Feudal Age
12:02 Double-Bit Axe
19:49 Castle Age
17:57 Fletching
18:43 Horse Collar
22:59 Wheelbarrow
22:10 Eagle Warrior
23:19 Bow Saw
24:30 Heavy Plow
26:46 Crossbowman
27:51 Padded Archer Armor
29:17 Ballistics
30:22 Scale Mail Armor
30:50 Bodkin Arrow
32:26 Gold Mining
33:14 Thumb Ring
33:58 Forging
34:38 Chain Mail Armor
38:02 Imperial Age
36:19 Hand Cart
37:59 Iron Casting
37:40 Leather Archer Armor
39:20 Conscription
39:12 Bracer
39:27 Arbalester
41:42 Chemistry
41:21 Squires
42:34 Blast Furnace
42:04 Plate Mail Armor
42:42 Ring Archer Armor
43:27 Holcans
42:35 Elite Skirmisher
44:17 Hul'che Javelineers
46:59 Elite Eagle Warrior
49:29 Plate Mail Armor
60:30 Arson
Danye9876
11:37 Feudal Age
12:36 Double-Bit Axe
16:57 Castle Age
18:28 Horse Collar
24:17 Bow Saw
25:57 Heavy Plow
28:06 Wheelbarrow
28:09 Gold Mining
31:12 Hand Cart
36:00 Imperial Age
33:30 Stone Mining
34:57 Bloodlines
34:50 Husbandry
36:59 Fortified Wall
37:08 Caravan
38:30 Stone Shaft Mining
39:57 Conscription
39:30 Onager
41:16 Scale Barding Armor
41:22 Forging
41:13 Padded Archer Armor
43:00 Cavalier
45:24 Chemistry
46:15 Ballistics
45:25 Elite Conquistador
46:33 Chain Barding Armor
46:48 Iron Casting
46:29 Leather Archer Armor
48:43 Plate Barding Armor
51:58 Paladin
54:09 Blast Furnace
53:40 Ring Archer Armor
♛ Fyzzi ♛
1:53 Loom
9:53 Feudal Age
11:29 Wheelbarrow
10:44 Double-Bit Axe
17:49 Gold Mining
17:53 Stone Mining
22:06 Castle Age
20:47 Fletching
20:58 Padded Archer Armor
21:01 Scale Mail Armor
21:53 Forging
22:54 Town Watch
22:59 Crossbowman
23:42 Squires
24:26 Pikeman
24:57 Gambesons
26:46 Bow Saw
28:18 Bodkin Arrow
29:39 Leather Archer Armor
34:53 Imperial Age
34:02 Hand Cart
35:01 Town Patrol
34:57 Horse Collar
35:57 Conscription
37:07 Yeomen
36:59 Halberdier
37:27 Arson
37:10 Arbalester
39:21 Bracer
39:52 Ring Archer Armor
42:04 Caravan
45:40 Onager
47:52 Scale Barding Armor
48:02 Chain Mail Armor
48:23 Iron Casting
48:42 Husbandry
49:11 Cavalier
50:26 Light Cavalry
52:19 Man-at-Arms
52:36 Elite Skirmisher
53:08 Long Swordsman
56:16 Blast Furnace
55:47 Plate Mail Armor
55:34 Two-Handed Swordsman
The Dynamix
2:11 Loom
10:51 Feudal Age
12:28 Town Watch
13:18 Wheelbarrow
14:16 Man-at-Arms
14:50 Domestication
19:53 Fletching
20:04 Double-Bit Axe
21:09 Padded Archer Armor
25:09 Castle Age
23:25 Gold Mining
23:28 Stone Mining
24:03 Arson
24:39 Forging
24:30 Scale Mail Armor
25:56 Squires
25:35 Elite Skirmisher
26:54 Bodkin Arrow
27:36 Iron Casting
28:30 Pastoralism
28:45 Bow Saw
29:14 Town Patrol
30:18 Stone Shaft Mining
31:43 Hand Cart
33:25 Gambesons
34:20 Lamellar Armor
36:02 Leather Archer Armor
37:54 Chain Mail Armor
43:13 Imperial Age
41:30 Ballistics
41:07 Murder Holes
40:56 Treadmill Crane
41:41 Ballistics
41:16 Murder Holes
42:07 Caravan
45:03 Two-Man Saw
43:59 Pikeman
44:01 Elite Fire Lancer
45:19 Conscription
44:57 Elite Steppe Lancer
45:18 Elite Liao Dao
46:52 Transhumance
46:26 Bracer
53:25 Heavy Rocket Cart
54:50 Ring Archer Armor
Connection lost

Rejoining the realm…

Still unreachable

The connection could not be restored.

Session expired

The server has moved on; the page needs a fresh start.